 Dungeon Crawl Stone Soup version 0.22-a0-422-g9628fc87f1 (webtiles) character file.

2475 Kriby the Cleaver (level 9, -4/79 HPs)
             Began as a Hill Orc Monk on May 17, 2018.
             Was a Priest of Beogh.
             Slain by Azzok's ghost (19 damage)
             ... on level 8 of the Dungeon.
             The game lasted 00:10:03 (8802 turns).

Kriby the Cleaver (Hill Orc Monk)                   Turns: 8802, Time: 00:10:03

Health: -4/79      AC: 14    Str: 17    XL:     9   Next: 51%
Magic:  9/9        EV: 15    Int: 15    God:    Beogh [***...]
Gold:   328        SH:  0    Dex: 18    Spells: 8/8 levels left

rFire    + . .     SeeInvis .   d - +0 war axe
rCold    . . .     Gourm    .   (no shield)
rNeg     . . .     Faith    .   i - +0 chain mail
rPois    .         Spirit   .   (no helmet)
rElec    .         Reflect  .   r - +0 cloak
rCorr    .         Harm     .   H - +0 pair of gloves
MR       .....                  (no boots)
Stlth    +.........             (no amulet)
HPRegen  0.23/turn              v - +2 ring of protection
MPRegen  0.11/turn              s - ring of protection from fire

@: brilliant, agile, very slightly contaminated, invisible
A: no striking features
a: Smiting, Renounce Religion


You were on level 8 of the Dungeon.
You worshipped Beogh.
Beogh was most pleased with you.
You were not hungry.

You visited 1 branch of the dungeon, and saw 8 of its levels.

You collected 328 gold pieces.

Inventory:

Hand Weapons
 a - a +1 hand axe
 d - a +0 war axe (weapon)
Armour
 b - a +0 robe
 i - a +0 chain mail (worn)
 r - a +0 cloak (worn)
 H - a +0 pair of gloves (worn)
Jewellery
 h - an uncursed ring of fire
 s - a ring of protection from fire (right hand)
 v - a +2 ring of protection (left hand)
 C - an uncursed ring of ice {unknown}
 D - an uncursed ring of wizardry
Wands
 F - a wand of digging (13)
Scrolls
 k - a scroll of fog
 m - 3 scrolls of teleportation
 p - 7 scrolls of identify
 q - 3 scrolls of blinking
 u - 2 scrolls of fear {unknown}
 w - a scroll of immolation {unknown}
 y - a scroll of enchant armour {unknown}
 E - a scroll of remove curse
 G - a scroll of amnesia
Potions
 e - a potion of invisibility
 f - 2 potions of degeneration {unknown}
 j - 4 potions of curing
 l - a potion of berserk rage {unknown}
 n - 2 potions of lignification {unknown}
 x - 2 potions of heal wounds {unknown}
 z - a potion of haste
 B - a potion of resistance {unknown}
Comestibles
 c - 10 rations


   Skills:
 + Level 7.2 Fighting
 * Level 10.3 Axes
 + Level 5.3 Armour
 + Level 4.9 Dodging
 - Level 4.7 Stealth
 + Level 0.0 Invocations


You had 8 spell levels left.
You didn't know any spells.
Your spell library was empty.

Dungeon Overview and Level Annotations

Branches:
Dungeon (8/15)             Temple (0/1) D:6
   Lair: D:8-11

Altars:
Kikubaaqudgha

Shops:
D:5 (

Annotations:
D:8 Azzok's ghost, journeyman KoEn


Message History

Azzok's ghost hits you.
You hit Azzok's ghost but do no damage.
Azzok's ghost is moderately damaged.
Your orc hits Azzok's ghost with a mace.
Azzok's ghost hits you but does no damage.
You catch the helpless Azzok's ghost completely off-guard!
You slash Azzok's ghost!
Azzok's ghost is moderately damaged.
Azzok's ghost casts a spell at you.
You fall asleep.
Your orc hits Azzok's ghost but does no damage.
Azzok's ghost hits you but does no damage.
Your orc hits Azzok's ghost but does no damage.
Azzok's ghost gestures at you while chanting.
You struggle to resist.
Your orc hits Azzok's ghost but does no damage.
Azzok's ghost hits you!!
You wake up.
* * * LOW HITPOINT WARNING * * *
You are electrocuted!
You die...

.# .# .## #. ..####.
#.#. ......# #...
##......# #...
##oW...# ....# ##.@#
.# #..##..## ....
#....## #.. #....#
... ###..# ##...#....
##.....## #.........
........###.........
............(........
...####.........#....


You could see Azzok's ghost and a friendly orc.

Vanquished Creatures
  Grinder (D:3)
  A hungry ghost (D:7)
  An orc warrior (D:7)
  2 ice beasts (D:5)
  A sky beast (D:5)
  An eye of draining (D:5)
  3 ogres
  3 centaurs
  2 bullfrogs
  A scorpion (D:6)
  2 howler monkeys
  2 bullfrog zombies
  4 hounds
  2 crimson imps
  Crazy Yiuf (D:7)
  A bullfrog skeleton (D:7)
  A jelly (D:6)
  A centaur skeleton (D:5)
  2 iguanas
  Terence (D:2)
  3 worker ants
  5 orc wizards
  Natasha (thrice) (D:3)
  7 adders
  3 gnolls
  3 shadow imps
  4 oozes
  An adder zombie (D:5)
  2 worms
  A dart slug (D:1)
  7 leopard geckos
  19 orcs
  11 bats
  7 giant cockroaches
  5 goblins
  8 hobgoblins
  8 jackals
  5 kobolds
  A ball python (D:1)
  3 frilled lizards
  A quokka skeleton (D:6)
  2 rats
142 creatures vanquished.

Vanquished Creatures (others)
  A sky beast (D:7)
  An orc priest (D:5)
  A bullfrog skeleton (D:5)
  An orc wizard (D:5)
  2 orcs (D:5)
6 creatures vanquished.

Grand Total: 148 creatures vanquished

Notes
Turn   | Place    | Note
-------+----------+-------------------------------------------
     0 | D:1      | Kriby the Hill Orc Monk began the quest for the Orb.
     0 | D:1      | Reached XP level 1. HP: 19/19 MP: 1/1
   234 | D:1      | Reached XP level 2. HP: 27/27 MP: 2/2
   817 | D:1      | Reached XP level 3. HP: 29/33 MP: 3/3
  1278 | D:2      | Reached skill level 1 in Armour
  1460 | D:2      | Noticed Terence
  1488 | D:2      | Killed Terence
  1488 | D:2      | Reached skill level 5 in Axes
  1488 | D:2      | Reached XP level 4. HP: 7/40 MP: 4/4
  2479 | D:2      | Reached XP level 5. HP: 46/47 MP: 5/5
  3187 | D:3      | Found an ancient bone altar of Kikubaaqudgha.
  3378 | D:3      | Noticed Natasha
  3379 | D:3      | Noticed Grinder
  3405 | D:3      | Killed Natasha
  3405 | D:3      | Reached skill level 6 in Axes
  3405 | D:3      | Reached XP level 6. HP: 25/53 MP: 6/6
  3412 | D:3      | Killed Grinder
  3587 | D:3      | Reached XP level 7. HP: 60/60 MP: 7/7
  3620 | D:3      | Reached skill level 5 in Fighting
  3799 | D:3      | Reached skill level 7 in Axes
  3855 | D:3      | Noticed Natasha
  3865 | D:3      | Killed Natasha
  3958 | D:3      | Noticed Natasha
  3965 | D:3      | Killed Natasha
  4763 | D:4      | You fall through a shaft for 2 floors!
  4853 | D:5      | Entered Level 5 of the Dungeon
  4929 | D:5      | Reached XP level 8. HP: 59/70 MP: 0/8
  4940 | D:5      | Reached skill level 8 in Axes
  5157 | D:5      | Became a worshipper of Beogh the Brigand
  5157 | D:5      | Reached * piety under Beogh
  5157 | D:5      | Reached ** piety under Beogh
  6307 | D:5      | Reached skill level 9 in Axes
  6469 | D:5      | Found Zunad's Weapon Boutique.
  6913 | D:6      | Reached XP level 9. HP: 72/78 MP: 9/9
  7055 | D:6      | Found a staircase to the Ecumenical Temple.
  7371 | D:7      | Reached skill level 5 in Armour
  7691 | D:7      | Reached skill level 10 in Axes
  8003 | D:7      | Reached *** piety under Beogh
  8307 | D:7      | Found a runed door.
  8668 | D:7      | Noticed Crazy Yiuf
  8675 | D:7      | Killed Crazy Yiuf
  8759 | D:8      | Noticed Azzok's ghost (journeyman KoEn)
  8802 | D:8      | Slain by Azzok's ghost

Vault maps used:
D:1:      dpeg_arrival_rooms_a
D:2:      first_ration, uniq_terence
D:3:      kiku_gazebo_garden_becter, uniq_natasha, uniq_grinder
D:5:      serial_shops, nicolae_shop_trees
D:6:      minmay_temple_entry_enclosed_plants,
          eino_small_chamber_without_monster
D:7:      uniq_crazy_yiuf_cottage
D:8:      nicolae_overflow_hidden_temple

Skill      XL: |  1  2  3  4  5  6  7  8  9 |
---------------+----------------------------+-----
Fighting       | 4 5 6 7 |  7.2
Armour         | 1 2 3 4 5 |  5.3
Stealth        | 2 3 4 |  4.7
Axes           | 5 6 7 9 10 | 10.3
Dodging        | 3 4 |  4.9

Action                   |  1- 3 |  4- 6 |  7- 9 || total
-------------------------+-------+-------+-------++-------
Melee: Hand axe          |   156 |   285 |     7 ||   448
       War axe           |       |       |   393 ||   393
Invok: Convert to Beogh  |       |       |     1 ||     1
       Smiting           |       |       |     1 ||     1
Evoke: Wand              |       |     5 |     7 ||    12
  Use: Potion            |     1 |       |     7 ||     8
       Scroll            |       |     6 |     1 ||     7
 Stab: Invisible         |       |       |     1 ||     1
  Eat: Chunk             |     2 |     7 |    12 ||    21
       Ration            |       |       |     3 ||     3
Armor: Chain mail        |   117 |   143 |   217 ||   477
Dodge: Dodged            |    59 |    95 |   144 ||   298

Table legend:
 A = Spawn XP
 B = Non-spawn XP
 C = Spawn XP percentage of total XP
 D = Spawn monster count
 E = Non-spawn monster count
 F = Spawn count percentage of total count
 G = Total turns spent on level
                    A         B        C        D         E        F      G
               +---------+---------+-------+---------+---------+-------+---------
         Total |       0 |    3537 |   0.0 |       0 |     143 |   0.0 |  8802
               +---------+---------+-------+---------+---------+-------+---------
           D:1 |       0 |      42 |   0.0 |       0 |      19 |   0.0 |  1245
           D:2 |       0 |     132 |   0.0 |       0 |      24 |   0.0 |  1241
           D:3 |       0 |     666 |   0.0 |       0 |      34 |   0.0 |  1624
           D:4 |       0 |      61 |   0.0 |       0 |       3 |   0.0 |   848
           D:5 |       0 |    1111 |   0.0 |       0 |      28 |   0.0 |  1462
           D:6 |       0 |     461 |   0.0 |       0 |      16 |   0.0 |  1150
           D:7 |       0 |    1059 |   0.0 |       0 |      17 |   0.0 |  1178
           D:8 |       0 |       5 |   0.0 |       0 |       2 |   0.0 |    54
               +---------+---------+-------+---------+---------+-------+---------
